[Event "January 2 Late 2024"]
[Site "https://www.chess.com"]
[Date "2024.01.02"]
[Round "1"]
[White "Martinez Reyes, Pedro Ramon"]
[Black "Jing, Andrew"]
[Result "0-1"]
[Board "219"]
[TimeControl "180+1"]
[WhiteFideId "3901807"]
[BlackFideId "30984076"]
[WhiteElo "2543"]
[BlackElo "2124"]
[WhiteTeam "VEN"]
[BlackTeam "USA"]
[WhiteClock "0:00:20"]
[BlackClock "0:01:25"]

1. e4 e5 2. Nf3 Nc6 3. Bc4 Nf6 4. Nc3 Nxe4 5. Nxe4 d5 6. Bd3 dxe4 7. Bxe4 Bd6 8. O-O f5 9. Bd5 e4 10. Re1 Ne7 11. Bxe4 fxe4 12. Rxe4 O-O 13. d3 Bf5 14. Re1 Bg4 15. Re3 Nf5 16. Re4 Bxf3 17. Qxf3 Bc5 18. Rf4 Nd4 19. Rxf8+ Qxf8 20. Qd5+ Kh8 21. Be3 Ne2+ 22. Kh1 Bxe3 23. fxe3 Qf2 24. Qf3 Qxf3 25. gxf3 Re8 26. e4 Nd4 27. Kg2 c5 28. c3 Ne6 29. Rd1 Rd8 30. Kf2 b6 31. Ke3 g5 32. d4 Kg7 33. d5 Nf4 34. Rg1 h6 35. c4 Kf6 36. a3 Ng6 37. b3 a5 38. Rb1 Ra8 39. b4 axb4 40. axb4 Ra3+ 41. Kf2 Ra2+ 42. Kg1 Rc2 43. bxc5 bxc5 44. Rb6+ Kg7 45. Rb7+ Kf8 46. Rb6 Ne5 47. Rxh6 Nxf3+ 48. Kf1 Nxh2+ 49. Ke1 Ng4 50. Rg6 Rxc4 51. d6 Rxe4+ 52. Kd2 Ne5 53. Rxg5 Nf3+ 54. Kd3 Nxg5 55. d7 Rd4+ 0-1

[Event "January 2 Late 2024"]
[Site "https://www.chess.com"]
[Date "2024.01.02"]
[Round "1"]
[White "Ottosen, David"]
[Black "Huber, Benedikt"]
[Result "1/2-1/2"]
[Board "220"]
[TimeControl "180+1"]
[WhiteFideId "2603080"]
[BlackFideId "12923583"]
[WhiteElo "2124"]
[BlackElo "2541"]
[WhiteTeam "CAN"]
[BlackTeam "GER"]
[WhiteClock "0:00:29"]
[BlackClock "0:00:16"]

1. e4 c5 2. Nf3 e6 3. d4 cxd4 4. Nxd4 Nf6 5. Nc3 Nc6 6. Nxc6 bxc6 7. Bd3 d5 8. O-O Bd6 9. Re1 Qc7 10. h3 O-O 11. Bg5 Nd7 12. Qh5 g6 13. Qh4 a5 14. exd5 exd5 15. Be7 Bxe7 16. Rxe7 Qd6 17. Rae1 Nc5 18. Qd4 Be6 19. R7xe6 Nxe6 20. Qf6 Rae8 21. h4 Qb4 22. h5 Qd4 23. Rxe6 Qxf6 24. Rxf6 Re1+ 25. Kh2 Rc8 26. h6 Re5 27. g4 Kf8 28. Na4 Ke7 29. Rf3 c5 30. b3 c4 31. bxc4 dxc4 32. Bf1 Rc6 33. Kg3 Re4 34. Nc3 Re5 35. Re3 Rxe3+ 36. fxe3 Rd6 37. Bxc4 Rc6 38. Nd5+ Kd6 39. Bb3 Ke5 40. Ne7 Rc7 41. Ng8 Ra7 42. c4 a4 43. Bc2 Ke6 44. g5 f5 45. gxf6 Kf7 46. Ne7 Kxf6 47. Nd5+ Ke5 48. Kf3 Rf7+ 49. Ke2 g5 50. Bxa4 g4 51. Bc2 g3 52. Nf4 Rf6 53. Kf3 Ra6 54. Bxh7 Rxa2 55. Bd3 Ra3 56. h7 Ra8 57. h8=Q+ Rxh8 58. Ng6+ Kd6 59. Nxh8 Kc5 60. Kxg3 Kb4 61. Kf4 Kc3 62. Ke5 Kxd3 63. c5 Kc4 64. c6 Kb5 65. c7 Kb6 66. c8=Q Ka7 67. Kd6 Kb6 68. e4 Ka7 69. e5 Kb6 70. e6 Ka7 71. e7 Kb6 72. e8=Q Ka7 73. Qed7+ Kb6 74. Qcc6+ Ka5 75. Qdb7 1/2-1/2

[Event "January 2 Late 2024"]
[Site "https://www.chess.com"]
[Date "2024.01.02"]
[Round "1"]
[White "Pinero Rodriguez, Carlos Jose"]
[Black "Petersson, Kjell"]
[Result "1-0"]
[Board "221"]
[TimeControl "180+1"]
[WhiteFideId "3901726"]
[BlackFideId "1705148"]
[WhiteElo "2540"]
[BlackElo "2121"]
[WhiteTeam "VEN"]
[BlackTeam "SWE"]
[WhiteClock "0:00:25"]
[BlackClock "0:01:11"]

1. e4 c5 2. Nf3 d6 3. d4 cxd4 4. Nxd4 Nf6 5. Nc3 g6 6. Be3 Bg7 7. f3 O-O 8. Bc4 Nc6 9. Bb3 Na5 10. Qd2 Nd7 11. h4 Nb6 12. Qe2 a6 13. h5 e5 14. hxg6 exd4 15. gxf7+ Kh8 16. O-O-O Nxb3+ 17. axb3 dxc3 18. e5 cxb2+ 19. Kb1 Bxe5 20. Bh6 Rxf7 21. Qxe5+ Qf6 22. Qe8+ Rf8 23. Qxf8+ Qxf8 24. Bxf8 Bf5 25. Bxd6 Rc8 26. Rd2 Rd8 27. Be5+ Kg8 28. Rxd8+ Kf7 29. Kxb2 Nd7 30. Rxd7+ Bxd7 31. Rxh7+ Ke6 32. Rxd7 Kxd7 33. f4 1-0

[Event "January 2 Late 2024"]
[Site "https://www.chess.com"]
[Date "2024.01.02"]
[Round "1"]
[White "Aung Thant Zin"]
[Black "Kochiev, Ivan"]
[Result "0-1"]
[Board "222"]
[TimeControl "180+1"]
[WhiteFideId "13000063"]
[BlackFideId "2917890"]
[WhiteElo "2118"]
[BlackElo "2538"]
[WhiteTeam "MYA"]
[BlackTeam "BUL"]
[WhiteClock "0:00:20"]
[BlackClock "0:00:57"]

1. e4 d5 2. exd5 Qxd5 3. Nc3 Qa5 4. g3 c6 5. Bg2 Nf6 6. Nge2 Bf5 7. d3 e6 8. O-O Bd6 9. Bd2 Qc7 10. a4 O-O 11. a5 Nbd7 12. a6 b6 13. h3 h6 14. Bf4 Rad8 15. Bxd6 Qxd6 16. g4 Bh7 17. Ng3 Rfe8 18. Qe2 e5 19. Nce4 Nxe4 20. Bxe4 Nc5 21. Bxh7+ Kxh7 22. Nf5 Qf6 23. b4 Ne6 24. Qe4 g6 25. Ne3 Nf4 26. Kh2 Rd4 27. Qf3 Rxb4 28. Ng2 Kg7 29. Ne3 Rd4 30. Rfe1 e4 31. dxe4 Rdxe4 32. Red1 Qe5 33. Kg1 Re6 34. Rd7 Qxa1+ 0-1

[Event "January 2 Late 2024"]
[Site "https://www.chess.com"]
[Date "2024.01.02"]
[Round "1"]
[White "Asish Panda"]
[Black "Gardezi, Arsal"]
[Result "1-0"]
[Board "223"]
[TimeControl "180+1"]
[WhiteFideId "45012458"]
[BlackFideId "30949521"]
[WhiteElo "2538"]
[BlackElo "2118"]
[WhiteTeam "IND"]
[BlackTeam "USA"]
[WhiteClock "0:00:05"]
[BlackClock "0:00:10"]

1. e4 e6 2. Nf3 d5 3. Nc3 d4 4. Ne2 c5 5. d3 Nc6 6. g3 e5 7. Bg2 Nf6 8. O-O Be7 9. Ne1 Be6 10. f4 O-O 11. f5 Bd7 12. h3 h5 13. Nf3 g6 14. Nh4 Kg7 15. Bg5 Nh7 16. Bxe7 Qxe7 17. Qd2 Qg5 18. Qe1 Nb4 19. Qd1 Rac8 20. a3 Nc6 21. Kh2 Nf6 22. Ng1 Qh6 23. Qe2 g5 24. Nhf3 Rg8 25. h4 Ng4+ 26. Kh1 gxh4 27. gxh4 Kf8 28. Nh3 f6 29. Rg1 Ne3 30. b4 cxb4 31. axb4 Nxb4 32. c4 dxc3 33. Nfg5 Ng4 34. Ne6+ Bxe6 35. fxe6 a6 36. Rab1 a5 37. d4 Qe3 38. Qb5 Nf2+ 39. Nxf2 Qxf2 40. e7+ Kxe7 41. Qf1 Qxh4+ 42. Bh3 Qxe4+ 43. Kh2 Qf4+ 44. Qxf4 exf4 45. Bxc8 Rxg1 46. Kxg1 c2 47. Rc1 Kd6 48. Bf5 Kd5 49. Bxc2 Kxd4 50. Ba4 Na2 51. Rc7 Nc3 52. Be8 b5 53. Ra7 b4 54. Rxa5 b3 55. Bxh5 b2 56. Bg6 Ne4 57. Ra4+ Kc3 58. Bxe4 b1=Q+ 1-0

[Event "January 2 Late 2024"]
[Site "https://www.chess.com"]
[Date "2024.01.02"]
[Round "1"]
[White "Ghosh, Chanchal Kumer"]
[Black "Wang, Jalen"]
[Result "1-0"]
[Board "224"]
[TimeControl "180+1"]
[WhiteFideId "10201858"]
[BlackFideId "2078058"]
[WhiteElo "2094"]
[BlackElo "2537"]
[WhiteTeam "BAN"]
[BlackTeam "USA"]
[WhiteClock "0:00:19"]
[BlackClock "0:00:30"]

1. e4 c5 2. Nf3 e6 3. d4 cxd4 4. Nxd4 Nc6 5. Nc3 Qc7 6. Be3 a6 7. Nxc6 Qxc6 8. Bd3 b5 9. O-O Bb7 10. Qe2 Nf6 11. a3 Be7 12. f4 h5 13. e5 Nd5 14. Nxd5 Qxd5 15. c4 bxc4 16. Bxc4 Qe4 17. Bd3 Qd5 18. Rad1 Bc5 19. Rf2 Bxe3 20. Qxe3 h4 21. Be2 Qa5 22. b4 Qa4 23. h3 Rc8 24. f5 Bd5 25. f6 gxf6 26. Rxd5 exd5 27. exf6+ Kd8 28. Qb6+ Rc7 29. Bxa6 Qc6 30. Qb8+ Rc8 31. Bxc8 Qxc8 32. Qb6+ Qc7 33. Qxc7+ Kxc7 34. Rc2+ Kd6 35. b5 Ra8 36. Rc3 d4 37. Rb3 Kc7 38. Kf2 Kb6 39. Ke2 Re8+ 40. Kd3 Re3+ 41. Kc4 d5+ 42. Kb4 Rxb3+ 43. Kxb3 Kxb5 44. Kc2 Kc4 45. Kd2 d3 46. a4 Kb4 47. Kxd3 Kxa4 48. Kd4 Kb5 49. Kxd5 Kb6 50. Kd6 Kb7 51. Ke7 Kc7 52. Kxf7 Kd6 53. Kg6 Ke5 54. f7 Kf4 55. f8=Q+ Kg3 56. Qf3+ Kh2 57. Qg4 Kg1 58. Qxh4 Kh2 59. Qg4 Kh1 60. h4 Kh2 61. h5 Kh1 62. h6 Kg1 63. h7 Kf2 64. h8=Q Kg1 65. Qhh5 Kf2 66. g3 Kg1 67. Qd1+ Kg2 68. Qc2+ Kxg3 69. Qg5+ Kh3 70. Qe3+ Kg4 71. Qc4# 1-0

[Event "January 2 Late 2024"]
[Site "https://www.chess.com"]
[Date "2024.01.02"]
[Round "1"]
[White "Ismayil, Malak"]
[Black "Brandao, Marcius Gomes"]
[Result "1-0"]
[Board "225"]
[TimeControl "180+1"]
[WhiteFideId "13412604"]
[BlackFideId "2124980"]
[WhiteElo "2537"]
[BlackElo "2078"]
[WhiteTeam "AZE"]
[BlackTeam "BRA"]
[WhiteClock "0:00:31"]
[BlackClock "0:00:00"]

1. e4 c5 2. Nf3 Nc6 3. Bb5 g6 4. Bxc6 dxc6 5. Nc3 Bg7 6. d3 Nf6 7. Be3 Nd7 8. Qd2 h6 9. O-O e5 10. h3 b6 11. Ne2 Nf8 12. Rad1 Ne6 13. c3 Ba6 14. Rfe1 Qe7 15. d4 Bxe2 16. Qxe2 cxd4 17. cxd4 exd4 18. Nxd4 Nxd4 19. Bxd4 O-O 20. Bxg7 Kxg7 21. Qe3 Rad8 22. Qc3+ Qf6 23. e5 Qe6 24. f4 Rd5 25. Rxd5 cxd5 26. Rd1 Rd8 27. Qd4 Rd7 28. Rd2 Kh7 29. Rf2 Rc7 30. g4 Rc4 31. Qd3 b5 32. b3 Rc1+ 33. Kh2 b4 34. Qe3 Rc3 35. Qd4 a5 36. f5 gxf5 37. gxf5 Qe7 38. Qxd5 Re3 39. e6 Qh4 40. Qg2 fxe6 41. f6 1-0

[Event "January 2 Late 2024"]
[Site "https://www.chess.com"]
[Date "2024.01.02"]
[Round "1"]
[White "De Souza, Arthur Olintho"]
[Black "Rangel, Daniel"]
[Result "0-1"]
[Board "226"]
[TimeControl "180+1"]
[WhiteFideId "2116200"]
[BlackFideId "2124475"]
[WhiteElo "2077"]
[BlackElo "2536"]
[WhiteTeam "BRA"]
[BlackTeam "BRA"]
[WhiteClock "0:00:00"]
[BlackClock "0:00:05"]

1. e4 c5 2. Nc3 g6 3. Nge2 Bg7 4. g3 Nc6 5. Bg2 d6 6. O-O h5 7. f4 h4 8. f5 hxg3 9. Nxg3 Bd4+ 10. Kh1 Be5 11. fxg6 fxg6 12. Qf3 Be6 13. Nd5 Nf6 14. c3 Kd7 15. b4 c4 16. b5 Na5 17. b6 axb6 18. Rb1 Ra6 19. Qf2 Rxh2+ 20. Kg1 Bxd5 21. exd5 Qh8 22. d4 cxd3 23. Bf4 Ng4 24. Bxe5 Nxe5 25. Rxb6 Rxb6 26. Qxb6 Nec4 27. Qb5+ Kc7 28. Rb1 Rxg2+ 29. Kxg2 Qxc3 30. Ne4 Qc2+ 31. Kg3 Qe2 32. Nc3 Qe5+ 33. Kf3 Qxc3 34. Qe8 d2+ 35. Kg2 Ne3+ 36. Kh2 Qe5+ 37. Kg1 d1=Q+ 38. Rxd1 Nxd1 0-1

[Event "January 2 Late 2024"]
[Site "https://www.chess.com"]
[Date "2024.01.02"]
[Round "1"]
[White "Pham, Le Thao Nguyen"]
[Black "Ardito, Andrew"]
[Result "1-0"]
[Board "227"]
[TimeControl "180+1"]
[WhiteFideId "12401226"]
[BlackFideId "2033976"]
[WhiteElo "2534"]
[BlackElo "2063"]
[WhiteTeam "VIE"]
[BlackTeam "USA"]
[WhiteClock "0:00:07"]
[BlackClock "0:00:12"]

1. d4 Nf6 2. Nf3 e6 3. Bf4 c5 4. e3 Nc6 5. c3 d5 6. Nbd2 Nh5 7. Be5 f6 8. Bg3 Nxg3 9. hxg3 Qb6 10. Qc2 Bd7 11. Nb3 c4 12. Nbd2 e5 13. dxe5 fxe5 14. e4 Bc5 15. O-O-O O-O-O 16. exd5 Na5 17. Nxe5 Bxf2 18. Ndxc4 Nxc4 19. Nxc4 Qf6 20. Bd3 Bxg3 21. Rhf1 Qg5+ 22. Kb1 h5 23. Bf5 h4 24. Bxd7+ Rxd7 25. Qa4 Qg6+ 26. Ka1 a6 27. d6 Kd8 28. Qa5+ Ke8 29. Qc5 Bxd6 30. Nxd6+ Rxd6 31. Rxd6 Qg3 32. Qc8+ 1-0

[Event "January 2 Late 2024"]
[Site "https://www.chess.com"]
[Date "2024.01.02"]
[Round "1"]
[White "Pepino, Enrico"]
[Black "Silva, Kaua Marques"]
[Result "0-1"]
[Board "228"]
[TimeControl "180+1"]
[WhiteFideId "810908"]
[BlackFideId "22701168"]
[WhiteElo "2058"]
[BlackElo "2534"]
[WhiteTeam "ITA"]
[BlackTeam "BRA"]
[WhiteClock "0:00:09"]
[BlackClock "0:00:09"]

1. e4 e6 2. d4 d5 3. Nd2 Nf6 4. e5 Nfd7 5. Bd3 c5 6. c3 Nc6 7. Ngf3 f6 8. Ng5 Ndxe5 9. dxe5 fxg5 10. Qh5+ g6 11. Bxg6+ Kd7 12. Bc2 Nxe5 13. Nf3 Nxf3+ 14. Qxf3 Bd6 15. O-O Kc7 16. b4 Bd7 17. bxc5 Bxc5 18. c4 d4 19. Be4 Bc6 20. Bxc6 bxc6 21. Qg3+ Qd6 22. Qxd6+ Kxd6 23. Bxg5 Rab8 24. Rab1 e5 25. Rfe1 Bb4 26. Re2 Bc3 27. Rxb8 Rxb8 28. h4 Rb1+ 29. Kh2 Re1 30. Rc2 Kc5 31. f4 exf4 32. Bxf4 Kxc4 33. Kg3 h5 34. Kf3 d3 35. Rc1 Rxc1 36. Bxc1 d2 37. Bxd2 Bxd2 38. Ke4 a5 39. Kf5 a4 40. Kg6 Kb4 41. Kxh5 c5 42. g4 c4 43. g5 Bc3 44. Kg4 Bd4 45. h5 c3 46. h6 c2 47. g6 c1=Q 48. g7 Qxh6 0-1

[Event "January 2 Late 2024"]
[Site "https://www.chess.com"]
[Date "2024.01.02"]
[Round "1"]
[White "Shapiro, Viktor"]
[Black "uzkuzk"]
[Result "0-1"]
[Board "229"]
[TimeControl "180+1"]
[WhiteFideId "4175700"]
[WhiteElo "2532"]
[BlackElo "2056"]
[WhiteTeam "RUS"]
[WhiteClock "0:01:43"]
[BlackClock "0:01:08"]

1. c4 e6 2. Nc3 d5 3. d4 Nf6 4. Nf3 Be7 5. Bg5 c6 6. e3 O-O 7. Qc2 Nbd7 8. a3 h6 9. Bf4 Nh5 10. Bg3 Nxg3 11. hxg3 Nf6 12. Bd3 a6 13. O-O dxc4 14. Bxc4 b5 15. Be2 c5 16. dxc5 Bxc5 17. Rfd1 Qe7 18. b4 Bb6 19. Ne5 Bb7 20. Bf3 Bxf3 21. gxf3 Rac8 22. Qb3 Rc7 23. Rd3 Nd7 24. Nxd7 Rxd7 25. Rxd7 Qxd7 26. Rd1 Qc7 27. Ne4 Rd8 28. Kg2 Rxd1 29. Qxd1 Qd8 30. Qc2 Qc7 31. Qd3 Qd8 32. Qxd8+ Bxd8 33. Nc5 a5 34. Nb7 axb4 35. axb4 Be7 36. Nc5 Bxc5 37. bxc5 Kf8 38. Kf1 Ke7 39. Ke2 Kd7 40. Kd3 Kc6 41. Kd4 e5+ 42. Kxe5 Kxc5 43. Ke4 Kc4 0-1

[Event "January 2 Late 2024"]
[Site "https://www.chess.com"]
[Date "2024.01.02"]
[Round "1"]
[White "Mangialardo, Tiago Carvalho"]
[Black "Osmak, Yuliia"]
[Result "1-0"]
[Board "230"]
[TimeControl "180+1"]
[WhiteFideId "2130718"]
[BlackFideId "14101602"]
[WhiteElo "2043"]
[BlackElo "2531"]
[WhiteTeam "BRA"]
[BlackTeam "UKR"]
[WhiteClock "0:00:02"]
[BlackClock "0:00:00"]

1. e4 c5 2. Nf3 Nc6 3. Bb5 g6 4. Bxc6 dxc6 5. h3 Bg7 6. e5 Nh6 7. O-O O-O 8. d3 Nf5 9. c3 b6 10. Qe2 a5 11. Bg5 h6 12. Bf4 g5 13. Bh2 Ba6 14. Rd1 e6 15. Qe4 Qd5 16. Qg4 Bxd3 17. Na3 c4 18. h4 Qe4 19. Qxe4 Bxe4 20. Nd2 Bd5 21. Naxc4 b5 22. Nb6 Rad8 23. hxg5 hxg5 24. c4 bxc4 25. Ndxc4 a4 26. Na5 Rfe8 27. Nxa4 Ra8 28. b4 Nh4 29. f3 Ng6 30. Re1 Reb8 31. a3 Bf8 32. Rac1 Rc8 33. Nc5 Be7 34. Re3 g4 35. f4 Bd8 36. Nc4 Ne7 37. Nd6 Nf5 38. Rec3 Nxd6 39. exd6 Bf6 40. Rd3 Rd8 41. Nb7 Rab8 42. Na5 Rxd6 43. f5 e5 44. Re3 Re8 45. Rce1 Rd7 46. Bxe5 Bg5 47. R3e2 f6 48. Bd4 Rxe2 49. Rxe2 Bf7 50. Bc5 Rd1+ 51. Kf2 Bf4 52. Re4 g3+ 53. Kf3 Be5 54. Rg4+ Kh7 55. Rh4+ Kg7 56. Rg4+ Kh6 57. Be3+ Kh7 58. Rh4+ Kg8 59. Bh6 1-0

[Event "January 2 Late 2024"]
[Site "https://www.chess.com"]
[Date "2024.01.02"]
[Round "1"]
[White "Horak, Martin"]
[Black "tolia123"]
[Result "1-0"]
[Board "231"]
[TimeControl "180+1"]
[WhiteFideId "367095"]
[WhiteElo "2529"]
[BlackElo "2038"]
[WhiteTeam "CZE"]
[WhiteClock "0:00:20"]
[BlackClock "0:00:17"]

1. e4 c5 2. Nf3 d6 3. d4 cxd4 4. Qxd4 Nc6 5. Qe3 g6 6. Be2 Bg7 7. O-O Nf6 8. h3 O-O 9. Rd1 Qc7 10. Nc3 a6 11. Qf4 b5 12. Qh4 Ne5 13. Bh6 Nxf3+ 14. Bxf3 Bb7 15. a3 Rac8 16. Rd3 Rfd8 17. Bxg7 Kxg7 18. Rad1 Re8 19. Rd4 Nd7 20. Bg4 Rcd8 21. Bxd7 Qxd7 22. e5 Qc6 23. Ne4 Qxc2 24. Nf6 Rh8 25. Ng4 h5 26. Qxe7 Qc6 27. Qf6+ Kh7 28. Qxf7# 1-0

[Event "January 2 Late 2024"]
[Site "https://www.chess.com"]
[Date "2024.01.02"]
[Round "1"]
[White "Bongo Akanga Ndjila, Barthelemy"]
[Black "Tabuenca Mendataurigoitia, Daniel"]
[Result "0-1"]
[Board "232"]
[TimeControl "180+1"]
[WhiteFideId "10609431"]
[BlackFideId "24563617"]
[WhiteElo "2029"]
[BlackElo "2526"]
[WhiteTeam "GAB"]
[BlackTeam "ESP"]
[WhiteClock "0:00:00"]
[BlackClock "0:00:33"]

1. d4 d6 2. c4 e5 3. dxe5 dxe5 4. Qxd8+ Kxd8 5. e4 Be6 6. g3 c6 7. b3 f6 8. Bh3 Bxh3 9. Nxh3 a5 10. f3 Nd7 11. Be3 a4 12. bxa4 Rxa4 13. Nd2 Bb4 14. Ke2 Bxd2 15. Kxd2 Rxc4 16. a4 Ne7 17. Kd3 b5 18. axb5 cxb5 19. Rhb1 Nc8 20. Rxb5 Rc7 21. Ra8 Ke7 22. f4 Rd8 23. Ke2 Nd6 24. Rxd8 Kxd8 25. Rb4 Rc2+ 26. Kf3 Rxh2 27. Nf2 h5 28. f5 h4 29. gxh4 Rxh4 30. Kg3 Nxf5+ 31. Kf3 Nxe3 32. Kxe3 Ke7 33. Rb7 Ke6 34. Nd3 Rh3+ 35. Ke2 g6 36. Nb4 f5 37. Nc6 Nc5 38. exf5+ Kxf5 39. Rb6 Kf4 40. Ne7 Rh2+ 41. Kf1 g5 42. Rf6+ Ke4 43. Rg6 Kf4 44. Rf6+ Kg4 45. Rf5 Nd3 46. Kg1 Ra2 0-1

[Event "January 2 Late 2024"]
[Site "https://www.chess.com"]
[Date "2024.01.02"]
[Round "1"]
[White "Pinheiro, Iung Alicio de O."]
[Black "Oliveira, Tiago Batista"]
[Result "1-0"]
[Board "233"]
[TimeControl "180+1"]
[WhiteFideId "2104350"]
[BlackFideId "2108291"]
[WhiteElo "2525"]
[BlackElo "2027"]
[WhiteTeam "BRA"]
[BlackTeam "BRA"]
[WhiteClock "0:00:57"]
[BlackClock "0:00:04"]

1. d4 Nf6 2. Nf3 g6 3. Nc3 d5 4. Bf4 Bg7 5. e3 O-O 6. Be2 c5 7. dxc5 Nc6 8. Ne5 Qa5 9. O-O Qxc5 10. Nxc6 bxc6 11. Be5 Nd7 12. Bxg7 Kxg7 13. Na4 Qd6 14. c4 Bb7 15. Rc1 Rfc8 16. Qb3 Rab8 17. Rfd1 Qf6 18. Qa3 Ne5 19. Nc5 dxc4 20. f4 Nd3 21. Bxd3 cxd3 22. Nd7 Qe6 23. Nxb8 Qxe3+ 24. Kh1 Rxb8 25. Qxd3 Qxf4 26. Rf1 Qg4 27. Rc4 Qe6 28. Rcf4 f6 29. Re4 Qf7 30. Qe3 Re8 31. Qxa7 e5 32. Rb4 Re7 33. Qc5 Rd7 34. a4 Rd5 35. Qb6 Bc8 36. Qxc6 Be6 37. Rb7 Rd7 38. Rxd7 Bxd7 39. Qb7 f5 40. Rd1 Be6 41. Qxf7+ Kxf7 42. a5 1-0

[Event "January 2 Late 2024"]
[Site "https://www.chess.com"]
[Date "2024.01.02"]
[Round "1"]
[White "Reinecke, Katharina"]
[Black "Dinu, Dumitru-Daniel"]
[Result "0-1"]
[Board "234"]
[TimeControl "180+1"]
[WhiteFideId "12929727"]
[BlackFideId "1208403"]
[WhiteElo "2018"]
[BlackElo "2524"]
[WhiteTeam "GER"]
[BlackTeam "ROU"]
[WhiteClock "0:00:05"]
[BlackClock "0:01:20"]

1. d4 Nf6 2. c4 e6 3. Nf3 b6 4. g3 Bb7 5. Bg2 Be7 6. O-O O-O 7. Nbd2 c5 8. e3 d5 9. cxd5 Bxd5 10. b3 cxd4 11. Nxd4 Bxg2 12. Kxg2 Qd5+ 13. Qf3 Nbd7 14. Qxd5 Nxd5 15. Bb2 Bf6 16. Rac1 Nc5 17. a3 Nd3 18. Rc2 Nxb2 19. Rxb2 Rac8 20. Nc4 Bxd4 21. exd4 Rfd8 22. Rd1 Rc7 23. Ne3 Rc3 24. Nxd5 Rxd5 25. f4 Kf8 26. Kf2 Ke7 27. h3 Kd7 28. h4 h5 29. Kg2 Kd6 30. Kf2 Rb5 31. Rdb1 Kd5 32. a4 Rb4 33. Rd2 Rbxb3 34. Rxb3 Rxb3 35. Rc2 f5 36. Rc7 g6 37. Rxa7 Kxd4 38. Rg7 Ke4 39. Rxg6 Rb2+ 40. Ke1 Kf3 41. Rxe6 Kxg3 42. Re5 Kxf4 43. Rb5 Rxb5 44. axb5 Kg3 45. Ke2 Kxh4 46. Kf3 Kg5 47. Kf2 f4 0-1

[Event "January 2 Late 2024"]
[Site "https://www.chess.com"]
[Date "2024.01.02"]
[Round "1"]
[White "Leenhouts, Koen"]
[Black "Winkels, Marcel"]
[Result "1-0"]
[Board "235"]
[TimeControl "180+1"]
[WhiteFideId "1008439"]
[BlackFideId "1003887"]
[WhiteElo "2523"]
[BlackElo "2015"]
[WhiteTeam "NED"]
[BlackTeam "NED"]
[WhiteClock "0:01:14"]
[BlackClock "0:00:11"]

1. d4 Nf6 2. c4 g6 3. Nc3 d5 4. Bg5 Bg7 5. Bxf6 Bxf6 6. cxd5 c6 7. e4 cxd5 8. Bb5+ Bd7 9. Bxd7+ Qxd7 10. Nxd5 Bg7 11. Qf3 Nc6 12. Ne2 O-O 13. O-O Rac8 14. Rad1 Kh8 15. Rfe1 e6 16. Nf6 Qe7 17. e5 Qb4 18. Qh3 h6 19. Ng4 Kh7 20. Qc3 Rfd8 21. Ne3 Qa4 22. b3 Qa3 23. Nc4 Qb4 24. Nd6 Rc7 25. Qf3 Rdd7 26. h4 Bf8 27. Ne8 Rc8 28. Nf6+ 1-0

[Event "January 2 Late 2024"]
[Site "https://www.chess.com"]
[Date "2024.01.02"]
[Round "1"]
[White "Lutz, Igor Oscar"]
[Black "Przybylski, Wojciech"]
[Result "0-1"]
[Board "236"]
[TimeControl "180+1"]
[WhiteFideId "2110806"]
[BlackFideId "1117599"]
[WhiteElo "2009"]
[BlackElo "2523"]
[WhiteTeam "BRA"]
[BlackTeam "POL"]
[WhiteClock "0:00:04"]
[BlackClock "0:00:15"]

1. d4 Nf6 2. c4 e6 3. g3 d5 4. Nf3 Be7 5. Bg2 O-O 6. O-O dxc4 7. Ne5 Nbd7 8. Nxc4 Nb6 9. Ne5 c5 10. dxc5 Bxc5 11. Qc2 Nfd7 12. Nxd7 Nxd7 13. Rd1 Qf6 14. e3 Bb6 15. Nc3 Ne5 16. b3 Nf3+ 17. Kh1 Ne5 18. Bb2 Ng4 19. Nd5 Qh6 20. Ne7+ Kh8 21. h3 e5 22. Nxc8 Raxc8 23. Qe2 f5 24. Rac1 Rxc1 25. Rxc1 e4 26. Kg1 Nxe3 27. Kh2 Ng4+ 28. Kg1 Nxf2 29. Kh2 Ng4+ 30. Kh1 Nf2+ 31. Kh2 Nd3 32. Rc2 Nxb2 33. Rxb2 Bc7 34. Rd2 Qg5 35. Qf2 Bxg3+ 36. Qxg3 Qxd2 37. Qf4 Qxf4+ 0-1

[Event "January 2 Late 2024"]
[Site "https://www.chess.com"]
[Date "2024.01.02"]
[Round "1"]
[White "Koc, Przemyslaw"]
[Black "Fareh, Youness"]
[Result "1/2-1/2"]
[Board "237"]
[TimeControl "180+1"]
[WhiteFideId "1109081"]
[BlackFideId "9000526"]
[WhiteElo "2522"]
[BlackElo "2000"]
[WhiteTeam "POL"]
[BlackTeam "MAR"]
[WhiteClock "0:00:43"]
[BlackClock "0:00:30"]

1. d4 Nf6 2. Bg5 e6 3. Nd2 Be7 4. Ngf3 h6 5. Bh4 O-O 6. e3 d5 7. Bd3 c5 8. c3 cxd4 9. exd4 Nc6 10. O-O a6 11. a4 Bd7 12. Qe2 Nh7 13. Bg3 Ng5 14. Ne5 Be8 15. f4 Nh7 16. f5 exf5 17. Bxf5 Bf6 18. Rae1 Ne7 19. Bc2 Qb6 20. Ng4 Bg5 21. Nf3 Ng6 22. a5 Qb5 23. Bd3 Qb3 24. Bd6 Nf4 25. Bxh7+ Kxh7 26. Nxg5+ hxg5 27. Rxf4 gxf4 28. Bxf8 Bb5 29. Qe7 Re8 30. Qh4+ Kg8 31. Bb4 Rxe1+ 32. Qxe1 Qxb2 33. h4 Qc2 34. Ne5 Qf5 35. Nf3 f6 36. Kh2 Qg4 37. Qf2 g5 38. hxg5 fxg5 39. Ne5 Qh5+ 40. Kg1 Qd1+ 41. Kh2 Qh5+ 42. Kg1 Qd1+ 43. Kh2 Qh5+ 1/2-1/2

[Event "January 2 Late 2024"]
[Site "https://www.chess.com"]
[Date "2024.01.02"]
[Round "1"]
[White "Dmitriev, Sergey"]
[Black "Baches Garcia, Guillermo"]
[Result "0-1"]
[Board "238"]
[TimeControl "180+1"]
[WhiteFideId "14101785"]
[BlackFideId "2209764"]
[WhiteElo "1987"]
[BlackElo "2522"]
[WhiteTeam "UKR"]
[BlackTeam "ESP"]
[WhiteClock "0:00:19"]
[BlackClock "0:00:26"]

1. e4 c5 2. Nf3 d6 3. c3 Nf6 4. Qc2 Qc7 5. Bb5+ Nbd7 6. O-O g6 7. d4 cxd4 8. Nxd4 Bg7 9. Bd3 O-O 10. Bg5 Nc5 11. Re1 Nxd3 12. Qxd3 a6 13. Nd2 b6 14. Qe2 Bb7 15. f3 Rac8 16. Rac1 e6 17. Kh1 Nd7 18. h3 Rfe8 19. Qf2 Ne5 20. Qe2 b5 21. f4 Nc4 22. Nxc4 Qxc4 23. Qxc4 Rxc4 24. e5 dxe5 25. fxe5 b4 26. Nb3 bxc3 27. Na5 Rc7 28. Nxb7 Rxb7 29. bxc3 Rc8 30. Bf6 Bh6 31. Rc2 Rbc7 32. g4 Bg7 33. Re3 Rc4 34. g5 h6 35. gxh6 Bxh6 36. Rd3 Re4 37. Kg2 Rec4 38. Kf3 Bf8 39. h4 Bb4 40. h5 Rxc3 41. Rcxc3 Rxc3 42. Rxc3 Bxc3 43. hxg6 fxg6 44. Ke4 Kf7 45. Kd3 Bb2 46. Kc4 g5 47. Kd3 Kg6 48. Ke4 Bc1 49. Kf3 Kf5 50. a4 Bf4 51. Bd8 Bxe5 52. Ke3 g4 53. Kf2 g3+ 54. Kg2 Kg4 55. Bb6 Bf4 56. Kf1 Kf3 57. Kg1 Be3+ 58. Bxe3 Kxe3 59. Kg2 Kf4 60. Kg1 Kf3 61. a5 g2 62. Kh2 Kf2 63. Kh3 g1=Q 0-1

[Event "January 2 Late 2024"]
[Site "https://www.chess.com"]
[Date "2024.01.02"]
[Round "1"]
[White "Ljukin, Sergei"]
[Black "Smirnov, Timofey"]
[Result "1-0"]
[Board "239"]
[TimeControl "180+1"]
[WhiteFideId "14102200"]
[BlackFideId "24176427"]
[WhiteElo "2522"]
[BlackElo "1987"]
[WhiteTeam "UKR"]
[BlackTeam "RUS"]
[WhiteClock "0:00:48"]
[BlackClock "0:00:09"]

1. e4 e5 2. Nf3 Nf6 3. Nxe5 d6 4. Nf3 Nxe4 5. d3 Nf6 6. d4 d5 7. c4 dxc4 8. Bxc4 Bd6 9. O-O O-O 10. Nc3 Bg4 11. h3 Bh5 12. g4 Bg6 13. Ne5 Nbd7 14. f4 Ne4 15. f5 Qh4 16. Nxe4 Bxe5 17. dxe5 Nxe5 18. Be2 Rad8 19. Qb3 Bxf5 20. Bg5 Nf3+ 21. Qxf3 Bxe4 22. Bxh4 Bxf3 23. Bxf3 1-0

[Event "January 2 Late 2024"]
[Site "https://www.chess.com"]
[Date "2024.01.02"]
[Round "1"]
[White "Dias, Joao Batista"]
[Black "Bruned, Yvain"]
[Result "1/2-1/2"]
[Board "240"]
[TimeControl "180+1"]
[WhiteFideId "2108240"]
[BlackFideId "2250292"]
[WhiteElo "1983"]
[BlackElo "2522"]
[WhiteTeam "BRA"]
[BlackTeam "ESP"]
[WhiteClock "0:01:02"]
[BlackClock "0:01:40"]

1. e4 b6 2. d4 Bb7 3. Bd3 e6 4. Bf4 d5 5. e5 c5 6. c3 Qc8 7. Nd2 Ba6 8. Qe2 Bxd3 9. Qxd3 Qa6 10. Qxa6 Nxa6 11. Ne2 h5 12. h4 Nh6 13. O-O Nf5 14. g3 Be7 15. Nb3 Rc8 16. Rac1 Kd7 17. Kg2 Nb8 18. a3 Nc6 19. Rfd1 cxd4 20. Nbxd4 Nfxd4 21. Nxd4 Na5 22. Rc2 a6 23. Kf3 Rc7 24. Ke3 b5 25. Kd3 g6 26. Nf3 Rhc8 27. Be3 Nc4 28. Bd4 a5 29. Ra1 Rb7 30. Nd2 Rcb8 31. Nb3 Rc8 32. Nd2 Bd8 33. Nb3 Be7 34. Nd2 1/2-1/2